 Dungeon Crawl Stone Soup version 0.22.0-40-g68aacdc4c8 (webtiles) character file.

42167 KamiKatze the Basher (level 14, -18/92 HPs)
             Began as a Gargoyle Artificer on Aug 31, 2018.
             Was a High Priest of Trog.
             Demolished by a dire elephant (21 damage)
             ... on level 6 of the Lair of Beasts.
             The game lasted 01:03:37 (15320 turns).

KamiKatze the Basher (Gargoyle Artificer)          Turns: 15320, Time: 01:03:39

Health: -18/92     AC: 35    Str: 19    XL:     14   Next: 18%
Magic:  16/16      EV: 11    Int: 18    God:    Trog [*****.]
Gold:   1485       SH:  0    Dex: 10    Spells: 13/13 levels left

rFire    + . .     SeeInvis .   a - +8 dire flail (protect)
rCold    + . .     Gourm    .   (shield currently unavailable)
rNeg     + . .     Faith    .   G - +1 chain mail of the Robin {rC+ Int+4}
rPois    ∞         Spirit   .   K - +1 helmet
rElec    +         Reflect  .   (no cloak)
rCorr    .         Harm     .   D - +1 pair of gloves
MR       +....                  (no boots)
Stlth    ..........             (no amulet)
HPRegen  0.25/turn              j - +4 ring of slaying
MPRegen  0.15/turn              E - ring of protection from fire

@: protection aura, flying
A: big wings, negative energy resistance 1, electricity resistance, unbreathing,
petrification resistance, rot immunity, AC +10
a: Stop Flying, Berserk, Trog's Hand, Brothers in Arms, Renounce Religion


You were on level 6 of the Lair of Beasts.
You worshipped Trog.
Trog was extremely pleased with you.
You were not hungry.

You visited 3 branches of the dungeon, and saw 17 of its levels.

You collected 1495 gold pieces.
You spent 10 gold pieces at shops.

Inventory:

Hand Weapons
 a - a +8 dire flail of protection (weapon)
 b - a +0 morningstar
Missiles
 h - 501 stones (quivered)
 x - 8 poisoned tomahawks
 C - 3 throwing nets
 H - 2 tomahawks
Armour
 y - a +0 plate armour
 D - a +1 pair of gloves (worn)
 G - the +1 chain mail of the Robin (worn) {rC+ Int+4}
   (You found it on level 1 of the Lair of Beasts)

   It affects your intelligence (+4).
   It protects you from cold.
 K - a +1 helmet (worn)
Jewellery
 j - a +4 ring of slaying (left hand)
 E - a ring of protection from fire (right hand)
 O - an uncursed ring of positive energy
Wands
 c - a wand of flame (41)
 d - a wand of enslavement (14)
 e - a wand of random effects (12)
 w - a wand of acid (10)
 J - a wand of disintegration (12)
 N - a wand of iceblast (14)
Scrolls
 g - 16 scrolls of remove curse
 k - a scroll of enchant weapon
 r - a scroll of blinking {unknown}
 v - 5 scrolls of teleportation
 z - a scroll of summoning {unknown}
 F - 2 scrolls of fog
 I - 5 scrolls of identify
 L - 4 scrolls of holy word
 M - a scroll of brand weapon {unknown}
Potions
 i - 6 potions of curing
 l - 5 potions of might
 m - 2 potions of heal wounds
 n - a potion of agility {unknown}
 o - a potion of haste
 q - a potion of brilliance {unknown}
 s - 6 potions of flight
 t - 3 potions of lignification
 u - 2 potions of cancellation
 A - a potion of resistance
Miscellaneous
 p - a box of beasts
Comestibles
 f - 16 rations


   Skills:
 * Level 12.0 Fighting
   Level 0.8 Short Blades
 + Level 14.5 Maces & Flails
 * Level 11.9 Armour
 * Level 9.5 Dodging
 - Level 1.1 Stealth
 - Level 2.6 Evocations


You had 13 spell levels left.
You didn't know any spells.
Your spell library contained the following spells:

 Spells                   Type           Power        Failure   Level  Hunger
 Summon Small Mammal      Summ           #...         83%         1    ##.....
 Call Imp                 Summ           #.......     93%         2    ###....
 Call Canine Familiar     Summ           #.......     99%         3    ####...
 Summon Guardian Golem    Hex/Summ       #.......     99%         3    ####...
 Summon Ice Beast         Ice/Summ       #.......     100%        4    #####..
 Summon Lightning Spire   Summ/Air       #.......     100%        4    #####..


Dungeon Overview and Level Annotations

Branches:
Dungeon (10/15)            Temple (1/1) D:5            Lair (6/6) D:8
  Swamp (0/4) Lair:2        Snake (0/4) Lair:3        Slime (0/5) Lair:5
    Orc: D:9-12

Altars:
Ashenzari
Cheibriados
Dithmenos
Elyvilon
Fedhas
Gozag
Hepliaklqana
Kikubaaqudgha
Makhleb
Nemelex Xobeh
Okawaru
Qazlal
Ru
Sif Muna
Trog
Uskayaw
Vehumet
Wu Jian
Xom
Yredelemnul
Zin
The Shining One

Shops:
D:7 !   D:9 (

Annotations:
D:9 Grum


Innate Abilities, Weirdness & Mutations

You are resistant to torment.
Your stone body is resilient. (AC +10)
You are immune to poison.
Your large and strong wings let you fly indefinitely.
You resist negative energy. (rN+)
You are resistant to electric shocks. (rElec)
You can survive without breathing.
You are immune to petrification.
You are immune to rotting.


Message History

The dire elephant trunk-slaps you but does no damage.
You hit the dire elephant.
The dire elephant is severely wounded.
The dire elephant tramples you!
* * * LOW HITPOINT WARNING * * *
You hold your ground!
The dire elephant trunk-slaps you but does no damage.
You puncture the dire elephant!
The dire elephant is severely wounded.
The dire elephant tramples you but does no damage.
The dire elephant trunk-slaps you.
* * * LOW HITPOINT WARNING * * *
You impale the dire elephant!!
The dire elephant is almost dead.
The dire elephant tramples you!
* * * LOW HITPOINT WARNING * * *
You hold your ground!
The dire elephant trunk-slaps you.
* * * LOW HITPOINT WARNING * * *
The dire elephant tramples you!!
You die...

#......Y.##♣8♣ #####
#########''##'### ♣"
##)...##≈≈.##8....#8..# ♣
#|!...'≈≈≈..'.....#...#
#=)...'≈≈≈≈.#8.####.#.#
##(...#≈≈≈≈.####....#'######
######P≈≈≈≈#...P####.....P#
##...###.≈###.#### #......#
.#####8.⌠.8#####@Y.###♣♣##...P..#
....Y..........Y.###....♣########
#######'''########♣.......♣♣#####
..♣..............................
....................)............
.................................
.................................
.................................
......................<..........


You could see 2 dire elephants.

Vanquished Creatures
  Gastronok (Lair:1)
  A dire elephant (Lair:6)
  Snorg (D:10)
  Josephine (D:10)
  4 hydras
  Harold (D:7)
  An anaconda (Lair:6)
  3 death yaks (Lair:6)
  Sonja (D:10)
  A necromancer (Lair:5)
  A manticore (Lair:4)
  Joseph (Lair:1)
  2 black mambas (Lair:6)
  12 elephants
  8 spiny frogs
  A kobold demonologist (D:10)
  9 rime drakes
  6 komodo dragons
  2 polar bears (Lair:4)
  2 trolls
  2 slime creatures (Lair:5)
  4 dream sheep (Lair:5)
  10 blink frogs
  7 hippogriffs
  A spriggan (D:8)
  5 basilisks
  10 wyverns (Lair:4)
  4 wraiths (D:10)
  19 yaks
  A hungry ghost (D:7)
  11 water moccasins
  A hell hound (Lair:4)
  6 porcupines
  2 orc warriors (D:8)
  An ice beast (D:5)
  A black bear (D:8)
  3 ogres
  11 wolves
  3 phantoms
  3 centaurs
  6 crocodiles
  19 big kobolds
  10 bullfrogs
  4 scorpions
  6 killer bees (D:10)
  8 wights
  4 electric eels
  2 crimson imps
  A centaur zombie (D:10)
  5 orc priests
  2 bullfrog skeletons (D:9)
  A hound (D:9)
  3 jellies
  10 orc wizards
  5 iguanas
  2 yak simulacra (Lair:5)
  6 worker ants
  2 polar bear simulacra (Lair:5)
  3 wolf simulacra (Lair:5)
  2 hound skeletons
  A worker ant zombie (D:9)
  11 adders
  7 gnolls
  A howler monkey skeleton (D:5)
  A shadow imp (D:6)
  An ooze (D:4)
  An adder skeleton (D:4)
  A dart slug (D:2)
  8 leopard geckos
  50 orcs
  10 giant cockroaches
  8 goblins
  2 hobgoblins
  11 jackals
  2 quokkas
  2 ball pythons (D:3)
  5 bats
  2 frilled lizards
  16 kobolds
  A quokka skeleton (D:5)
  7 rats
  4 river rat simulacra (Lair:5)
  A fungus (Lair:1)
  2 plants (Lair:6)
420 creatures vanquished.

Vanquished Creatures (collateral kills)
  An orc (D:5)
1 creature vanquished.

Vanquished Creatures (others)
  An orc wizard (D:4)
  A rat (D:1)
  3 fungi
  4 plants (Lair:6)
9 creatures vanquished.

Grand Total: 430 creatures vanquished

Notes
Turn   | Place    | Note
-------+----------+-------------------------------------------
     0 | D:1      | KamiKatze the Gargoyle Artificer began the quest for the Orb.
     0 | D:1      | Reached XP level 1. HP: 12/12 MP: 2/2
   102 | D:1      | Reached XP level 2. HP: 16/16 MP: 4/4
   129 | D:1      | Reached skill level 1 in Armour
   530 | D:1      | Reached XP level 3. HP: 15/21 MP: 5/5
  1262 | D:3      | Reached XP level 4. HP: 23/27 MP: 6/6
  1269 | D:3      | Reached skill level 1 in Maces & Flails
  1874 | D:3      | Reached XP level 5. HP: 30/32 MP: 7/7
  2269 | D:4      | Reached skill level 2 in Maces & Flails
  2271 | D:4      | Reached XP level 6. HP: 15/37 MP: 8/8
  3567 | D:5      | Entered Level 5 of the Dungeon
  3621 | D:5      | Reached skill level 3 in Maces & Flails
  3621 | D:5      | Reached XP level 7. HP: 40/43 MP: 9/9
  3685 | D:5      | Found a staircase to the Ecumenical Temple.
  3708 | Temple   | Entered the Ecumenical Temple
  3794 | Temple   | Became a worshipper of Trog the Wrathful
  4467 | D:5      | Reached skill level 4 in Maces & Flails
  4668 | D:6      | Reached XP level 8. HP: 48/48 MP: 10/10
  4682 | D:6      | Reached * piety under Trog
  4693 | D:6      | Reached skill level 5 in Fighting
  4704 | D:6      | Reached skill level 5 in Maces & Flails
  4789 | D:6      | Found a sparkling altar of Nemelex Xobeh.
  4789 | D:6      | Found a hide-covered altar of Uskayaw.
  4943 | D:6      | Found a bloodstained altar of Trog.
  4945 | D:6      | Found a shimmering altar of Xom.
  4945 | D:6      | Found a sacrificial altar of Ru.
  4947 | D:6      | Found a shimmering altar of Xom.
  4947 | D:6      | Found a sparkling altar of Nemelex Xobeh.
  4947 | D:6      | Found a snail-covered altar of Cheibriados.
  5015 | D:7      | Noticed Harold
  5022 | D:7      | Killed Harold
  5022 | D:7      | Reached skill level 6 in Maces & Flails
  5022 | D:7      | Reached skill level 5 in Armour
  5022 | D:7      | Reached XP level 9. HP: 46/55 MP: 11/11
  5382 | D:7      | Found a glowing silver altar of Zin.
  5573 | D:7      | Reached skill level 5 in Dodging
  5624 | D:7      | Found Gulir's Distillery.
  5706 | D:7      | Bought a potion of degeneration for 10 gold pieces
  5933 | D:8      | Reached skill level 7 in Maces & Flails
  6049 | D:8      | Reached ** piety under Trog
  6329 | D:8      | Noticed an elephant
  6363 | D:8      | Reached skill level 8 in Maces & Flails
  6387 | D:8      | Found a staircase to the Lair.
  6424 | D:8      | Reached XP level 10. HP: 55/63 MP: 12/12
  6484 | D:8      | Found an ornate altar of the Wu Jian Council.
  6572 | D:8      | Killed an elephant
  6583 | D:8      | Found a hazy altar of Hepliaklqana.
  6793 | D:9      | Found Fiopn's Weapon Shoppe.
  6970 | D:9      | Reached *** piety under Trog
  6981 | D:9      | Reached skill level 9 in Maces & Flails
  7299 | D:9      | Noticed Grum
  7689 | D:10     | Entered Level 10 of the Dungeon
  7762 | D:10     | Got a slimy rapier
  7763 | D:10     | Identified the +3 rapier "Impbane" {flame, Int+2} (You found it on level 10 of the Dungeon)
  7870 | D:10     | Noticed Snorg
  7894 | D:10     | Killed Snorg
  7894 | D:10     | Reached **** piety under Trog
  7894 | D:10     | Reached XP level 11. HP: 66/69 MP: 13/13
  7940 | D:10     | Reached skill level 10 in Maces & Flails
  8219 | D:10     | Noticed Sonja
  8231 | D:10     | Killed Sonja
  8291 | D:10     | Received a gift from Trog
  8379 | D:10     | Noticed Josephine
  8406 | D:10     | Killed Josephine
  8519 | D:10     | Reached skill level 11 in Maces & Flails
  8732 | Lair:1   | Entered Level 1 of the Lair of Beasts
  8932 | Lair:1   | Noticed Joseph
  8955 | Lair:1   | Killed Joseph
  8994 | Lair:1   | Noticed Gastronok
  9031 | Lair:1   | Killed Gastronok
  9031 | Lair:1   | Reached XP level 12. HP: 17/77 MP: 14/14
  9252 | Lair:1   | Got a jewelled chain mail
  9263 | Lair:1   | Identified the cursed +1 chain mail of the Robin {rC+ Int+4} (You found it on level 1 of the Lair of Beasts)
 10146 | Lair:2   | Found a staircase to the Swamp.
 10415 | Lair:3   | Found a staircase to the Snake Pit.
 10475 | Lair:3   | Noticed a seven-headed hydra
 10504 | Lair:3   | Killed a seven-headed hydra
 10504 | Lair:3   | Reached skill level 10 in Fighting
 10504 | Lair:3   | Reached skill level 12 in Maces & Flails
 10670 | Lair:3   | Noticed a five-headed hydra
 10695 | Lair:2   | Killed a five-headed hydra
 10695 | Lair:2   | Reached skill level 10 in Armour
 10799 | Lair:3   | Reached ***** piety under Trog
 11360 | Lair:4   | Reached XP level 13. HP: 55/83 MP: 15/15
 11402 | Lair:4   | Reached skill level 13 in Maces & Flails
 12604 | Lair:5   | Found a staircase to the Slime Pits.
 13863 | Lair:5   | Received a gift from Trog
 14081 | Lair:6   | Entered Level 6 of the Lair of Beasts
 14303 | Lair:6   | Reached skill level 14 in Maces & Flails
 14574 | Lair:6   | Gained mutation: Your large and strong wings let you fly indefinitely. [Gargoyle growth]
 14574 | Lair:6   | Reached XP level 14. HP: 78/91 MP: 16/16
 14914 | Lair:6   | Received a gift from Trog
 15125 | Lair:6   | Noticed a dire elephant
 15125 | Lair:6   | Noticed a dire elephant
 15150 | Lair:6   | Noticed a dire elephant
 15160 | Lair:6   | Noticed a dire elephant
 15255 | Lair:6   | Noticed a dire elephant
 15274 | Lair:6   | Killed a dire elephant
 15293 | Lair:6   | Noticed a dire elephant
 15320 | Lair:6   | HP: 3/92 [dire elephant (2)]
 15320 | Lair:6   | Demolished by a dire elephant

Skill      XL: |  1  2  3  4  5  6  7  8  9 10 11 12 13 14 |
---------------+-------------------------------------------+-----
Armour         | 1 2 3 4 5 6 8 9 10 11 | 11.9
Dodging        | 2 3 4 5 6 7 8 9 |  9.5
Fighting       | 2 3 4 5 7 8 9 10 11 12 | 12.0
Maces & Flails | 1 2 3 4 6 8 9 11 12 14 | 14.5
Short Blades   | |  0.8
Stealth        | |  1.1
Evocations     | |  2.6

Action                   |  1- 3 |  4- 6 |  7- 9 | 10-12 | 13-15 || total
-------------------------+-------+-------+-------+-------+-------++-------
Melee: Short sword       |    89 |   215 |       |       |       ||   304
       Flail             |       |     5 |   254 |   836 |   245 ||  1340
       Dire flail        |       |       |       |       |   256 ||   256
Invok: Berserk           |       |       |     1 |     4 |     2 ||     7
       Trog's Hand       |       |       |       |     3 |     1 ||     4
 Abil: Fly               |       |       |       |       |     1 ||     1
Evoke: Wand              |     2 |     1 |     2 |    12 |     3 ||    20
  Use: Scroll            |     4 |     4 |     6 |     6 |     1 ||    21
       Potion            |       |     1 |       |       |     1 ||     2
 Stab: Sleeping          |     2 |       |       |       |       ||     2
  Eat: Chunk             |     1 |     8 |     7 |    18 |    13 ||    47
       Ration            |       |       |     3 |     1 |     1 ||     5
Armor: Leather armour    |    43 |       |       |       |       ||    43
       Ring mail         |     3 |    64 |       |       |       ||    67
       Scale mail        |       |    38 |   134 |       |       ||   172
       Chain mail        |       |       |    12 |   509 |   298 ||   819
Dodge: Dodged            |    45 |   137 |   143 |   386 |   225 ||   936
